[Event "Titled Tuesday Blitz May 9 Early 2023"]
[White "Simonian, Hrair"]
[Black "Gurel, Ediz"]
[WhiteFideId "13302337"]
[BlackFideId "44507356"]
[WhiteElo "2447"]
[BlackElo "2352"]
[Result "0-1"]
[Round "05"]
[TimeControl "180+2"]
[Date "2023.05.09"]
[WhiteClock "0:00:02"]
[BlackClock "0:00:04"]

1. e4 c5 2. Nc3 d6 3. g3 g6 4. Bg2 Bg7 5. Nge2 Nc6 6. d3 Nf6 7. O-O O-O 8. Bg5 h6 9. Bd2 Rb8 10. Qc1 Kh7 11. f4 Bd7 12. f5 b5 13. fxg6+ fxg6 14. Nf4 Nd4 15. Nce2 e5 16. Nxd4 cxd4 17. Nd5 Nxd5 18. exd5 Rxf1+ 19. Qxf1 Rc8 20. c3 dxc3 21. bxc3 Qe7 22. Be4 Rf8 23. Qe2 Bh3 24. Qh5 Bf5 25. Qe2 a5 26. Rf1 Bh3 27. Rxf8 Qxf8 28. Qf3 Qxf3 29. Bxf3 Bf5 30. Be4 h5 31. Bg5 Bh6 32. Bd8 a4 33. Kf2 Bc1 34. Ke2 Kg7 35. Bc7 Ba3 36. Kd2 Kf7 37. Ke2 Ke7 38. Ba5 Bc5 39. Kf3 Bg4+ 40. Kg2 Bf5 41. Kf3 Kd7 42. h3 Bxh3 43. Bxg6 Bg4+ 44. Kg2 Be2 45. Be4 Ke7 46. Kh3 Bf2 47. Kh4 Kd7 48. Bf5+ Ke7 49. Bg6 Be1 50. Be4 Bf2 51. Bg6 Bc5 52. Be4 a3 53. Bg6 Bd1 54. d4 exd4 55. cxd4 Bxd4 56. Bb4 Bb2 57. Bb1 Bg4 58. Kg5 Bf6+ 59. Kg6 Bf3 60. Bc2 Bb2 61. Bb3 Be5 62. Kg5 Bxg3 63. Kf5 h4 64. Kg5 h3 65. Bxa3 h2 66. Bd1 Bxd1 0-1


[Site "https://www.chess.com"]

[Event "Titled Tuesday Blitz May 9 Early 2023"]
[White "Sousa, Andre Ventura"]
[Black "Kamsky, Gata"]
[WhiteFideId "1917617"]
[BlackFideId "2000024"]
[WhiteElo "2333"]
[BlackElo "2660"]
[Result "1/2-1/2"]
[Round "05"]
[TimeControl "180+2"]
[Date "2023.05.09"]
[WhiteClock "0:00:14"]
[BlackClock "0:00:11"]

1. e4 e5 2. Nf3 Nc6 3. Bb5 a6 4. Ba4 Nf6 5. O-O Be7 6. d3 d6 7. c3 O-O 8. Nbd2 b5 9. Bc2 Bb7 10. Re1 Re8 11. Nf1 Bf8 12. Ng3 g6 13. Bg5 h6 14. Be3 d5 15. h3 dxe4 16. Nxe4 Nxe4 17. dxe4 Qxd1 18. Raxd1 Rad8 19. Nd2 Nb8 20. Nb3 Nd7 21. f3 Kg7 22. Na5 Ba8 23. Bb3 Nc5 24. Bd5 Bxd5 25. exd5 Na4 26. Rd2 Bd6 27. Rc1 e4 28. b3 Nc5 29. Nc6 Ra8 30. Bd4+ Kh7 31. fxe4 Nxe4 32. Rd3 Ng3 33. Kf2 Ne2 34. Re1 Nf4 35. Rxe8 Rxe8 36. Rf3 f5 37. g4 Re2+ 38. Kf1 Rxa2 39. gxf5 gxf5 40. Ne7 a5 41. Nxf5 Nxd5 42. Nxd6 cxd6 43. Rg3 h5 44. Rg7+ Kh6 45. Rd7 Kg5 46. Rxd6 Nf4 47. Be3 Kf5 48. Bxf4 Kxf4 49. Rd5 a4 50. Rxb5 a3 51. Ra5 h4 52. b4 Kf3 53. Ke1 Ke3 54. Kd1 Kd3 55. Kc1 Kxc3 56. Kb1 Kb3 57. b5 Rh2 58. Kc1 a2 59. b6 Kc3 60. Ra3+ Kb4 61. Rxa2 Rh1+ 62. Kc2 Rh2+ 63. Kb1 Rh1+ 64. Kb2 Rh2+ 65. Kb1 Rh1+ 66. Kb2 Rh2+ 67. Kb1 1/2-1/2


[Site "https://www.chess.com"]

[Event "Titled Tuesday Blitz May 9 Early 2023"]
[White "Andreikin, Dmitry"]
[Black "Quesada Perez, Yuniesky"]
[WhiteFideId "4158814"]
[BlackFideId "3504409"]
[WhiteElo "2736"]
[BlackElo "2585"]
[Result "0-1"]
[Round "05"]
[TimeControl "180+2"]
[Date "2023.05.09"]
[WhiteClock "0:00:00"]
[BlackClock "0:00:06"]

1. d4 d5 2. Nf3 Nf6 3. c4 c6 4. Qc2 dxc4 5. e4 b5 6. b3 cxb3 7. axb3 e6 8. Bd3 Be7 9. O-O Bb7 10. Bd2 a5 11. Rc1 Nbd7 12. Nc3 b4 13. Na4 h6 14. Bf4 O-O 15. Qe2 Re8 16. h3 Rc8 17. Nc5 Nxc5 18. dxc5 Nd7 19. Qe3 Nxc5 20. Rd1 Qb6 21. e5 Rcd8 22. Bc2 Rxd1+ 23. Rxd1 Rd8 24. Re1 Nd7 25. Qe4 Nf8 26. Bxh6 gxh6 27. Qg4+ Kh8 28. Qh5 Kg7 29. Re4 Ng6 30. Rg4 c5 31. Bxg6 Bxf3 32. gxf3 Bg5 33. Bxf7 Rd1+ 34. Kg2 Kf8 35. Qg6 Ke7 36. h4 Qa6 37. hxg5 Qf1+ 38. Kg3 Qg1+ 39. Kf4 Rd4+ 40. Qe4 Rxe4+ 41. Kxe4 Qe1+ 42. Kd3 Kxf7 43. gxh6 Qd1+ 44. Kc4 Qc2+ 45. Kb5 c4 46. Rxc4 Qxb3 47. Rc7+ Kg8 48. Re7 Qd3+ 49. Kxa5 b3 50. Rb7 Qc3+ 51. Ka4 b2 52. h7+ Kh8 53. f4 Qc6+ 0-1


[Site "https://www.chess.com"]

[Event "Titled Tuesday Blitz May 9 Early 2023"]
[White "Martinez Alcantara, Jose Eduardo"]
[Black "Averjanov, Alexey"]
[WhiteFideId "3805662"]
[BlackFideId "14109867"]
[WhiteElo "2711"]
[BlackElo "2701"]
[Result "1/2-1/2"]
[Round "05"]
[TimeControl "180+2"]
[Date "2023.05.09"]
[WhiteClock "0:00:13"]
[BlackClock "0:01:18"]

1. e4 c6 2. d4 d5 3. e5 Bf5 4. h4 h5 5. Bd3 Bxd3 6. Qxd3 e6 7. Bg5 Qa5+ 8. Nd2 Qa6 9. c4 Bb4 10. b3 Nd7 11. Ne2 Ne7 12. O-O Ng6 13. Nf3 Be7 14. Bxe7 Nxe7 15. Rfd1 c5 16. Ng3 cxd4 17. Qxd4 Qb6 18. Qd3 Rd8 19. Rac1 O-O 20. Nxh5 Ng6 21. cxd5 Ndxe5 22. Nxe5 Nxe5 23. Qg3 Ng6 24. dxe6 Qxe6 25. Nf4 Nxf4 26. Qxf4 Rxd1+ 27. Rxd1 Re8 28. g3 g6 29. Qd4 Qe2 30. a4 Qf3 31. Rb1 b6 32. b4 Re2 33. Rf1 Ra2 34. b5 Re2 35. Rc1 Qf5 36. Rf1 Kh7 37. Qc4 Qf3 38. Qb4 Re4 39. Qd6 Rxa4 40. Qc7 Ra5 41. Rb1 Ra2 42. Rf1 Ra5 43. Rb1 Ra2 44. Rf1 Ra5 1/2-1/2


[Site "https://www.chess.com"]

[Event "Titled Tuesday Blitz May 9 Early 2023"]
[White "Kollars, Dmitrij"]
[Black "ArrestingPieces"]
[WhiteFideId "12909572"]
[WhiteElo "2584"]
[BlackElo "2406"]
[Result "1-0"]
[Round "05"]
[TimeControl "180+2"]
[Date "2023.05.09"]
[WhiteClock "0:00:11"]
[BlackClock "0:00:00"]

1. e4 e5 2. Nf3 Nc6 3. Bc4 Bc5 4. c3 Nf6 5. d3 d6 6. Bb3 O-O 7. Nbd2 Bb6 8. Nc4 h6 9. Nxb6 axb6 10. O-O Ne7 11. Re1 Ng6 12. d4 Qe7 13. h3 Be6 14. Bc2 Nh7 15. a3 Qf6 16. Nh2 Nf4 17. Ng4 Qg5 18. Qf3 h5 19. dxe5 dxe5 20. Nxe5 Nxh3+ 21. Qxh3 Qxe5 22. Qh4 Rfe8 23. f4 Qc5+ 24. Be3 Qb5 25. b4 Bg4 26. e5 Nf8 27. Bf2 Qc4 28. Qg3 Rad8 29. Re4 Qe6 30. Rd4 c5 31. bxc5 bxc5 32. Rxd8 Rxd8 33. Bxc5 Rd2 34. Be4 Qc4 35. Qe3 Re2 36. Bd3 Qxc3 37. Bxe2 Qxa1+ 38. Bf1 Ne6 39. Bb4 Qd4 40. Qxd4 Nxd4 41. Kf2 Nc2 42. Bc5 Bf5 43. Bc4 Be6 44. Bd3 Na1 45. f5 Bd5 46. g3 f6 47. e6 Nb3 48. Bb4 Nd4 49. Ke3 Nc6 50. Bd6 g6 51. Kf4 g5+ 52. Ke3 Kg7 53. Be2 Kh6 54. Bf3 Bxf3 55. Kxf3 Kg7 56. Ke4 Nd8 57. e7 Nf7 58. Kd5 Nxd6 59. Kxd6 1-0


[Site "https://www.chess.com"]

[Event "Titled Tuesday Blitz May 9 Early 2023"]
[White "Djokic, Mihailo"]
[Black "Tang, Andrew"]
[WhiteFideId "976440"]
[BlackFideId "2059630"]
[WhiteElo "2294"]
[BlackElo "2596"]
[Result "1-0"]
[Round "05"]
[TimeControl "180+2"]
[Date "2023.05.09"]
[WhiteClock "0:00:06"]
[BlackClock "0:00:00"]

1. e4 e5 2. Nf3 Nc6 3. Nc3 Nf6 4. Bb5 Bc5 5. Nxe5 Nxe5 6. d4 Bd6 7. f4 Neg4 8. e5 Bb4 9. exf6 Nxf6 10. O-O O-O 11. f5 h6 12. g4 b6 13. Qf3 Rb8 14. g5 Bb7 15. Qh3 hxg5 16. Bxg5 Qe7 17. Rae1 Qd6 18. a3 Qxd4+ 19. Be3 Bxc3 20. bxc3 Qd5 21. Bd3 Rfe8 22. Kf2 Re5 23. Bd4 Rxe1 24. Rxe1 Qd6 25. Qg3 Qxg3+ 26. Kxg3 Kf8 27. c4 Re8 28. Rg1 Ng8 29. c5 f6 30. cxb6 axb6 31. a4 Nh6 32. Kf4 c5 33. Bc3 c4 34. Bb4+ Kg8 35. Bxc4+ Kh7 36. Bd3 d5 37. Bc3 Bc6 38. Ra1 Bd7 39. Bd4 Ra8 40. Bxb6 1-0


[Site "https://www.chess.com"]

[Event "Titled Tuesday Blitz May 9 Early 2023"]
[White "Sammed Jaykumar, Shete"]
[Black "Adhiban, B."]
[WhiteFideId "5073421"]
[BlackFideId "5018471"]
[WhiteElo "2278"]
[BlackElo "2587"]
[Result "0-1"]
[Round "05"]
[TimeControl "180+2"]
[Date "2023.05.09"]
[WhiteClock "0:00:00"]
[BlackClock "0:01:43"]

1. a3 e5 2. c4 Nf6 3. d3 a5 4. Nc3 Nc6 5. g3 Bc5 6. Bg2 d6 7. Nf3 O-O 8. O-O h6 9. e3 Bf5 10. d4 Bb6 11. Re1 Re8 12. c5 Ba7 13. d5 Ne7 14. e4 Bg4 15. cxd6 cxd6 16. h3 Bh5 17. Nb5 Bxf2+ 18. Kxf2 Qb6+ 19. Nbd4 Bxf3 20. Bxf3 exd4 21. Bf4 Ng6 22. Qd2 Rac8 23. Kg2 d3 24. Rac1 Rxc1 25. Rxc1 Nxf4+ 26. gxf4 Nxe4 27. Bxe4 Rxe4 28. Rc8+ Kh7 29. Qxd3 Qxb2+ 30. Kf3 f5 31. Rc4 Rxc4 32. Qxc4 Qxa3+ 33. Kg2 Qb2+ 34. Kg3 Qd2 35. Qb5 Qe3+ 36. Kg2 Qxf4 37. Qxb7 a4 38. Qa8 Qe4+ 39. Kf2 f4 40. h4 f3 41. h5 Qe2+ 42. Kg3 Qg2+ 43. Kf4 f2 0-1


[Site "https://www.chess.com"]

[Event "Titled Tuesday Blitz May 9 Early 2023"]
[White "Hakobyan, Aram"]
[Black "djokovic74"]
[WhiteFideId "13306677"]
[WhiteElo "2584"]
[BlackElo "2687"]
[Result "1-0"]
[Round "05"]
[TimeControl "180+2"]
[Date "2023.05.09"]
[WhiteClock "0:00:29"]
[BlackClock "0:00:02"]

1. d4 e6 2. c4 Nf6 3. Nc3 Bb4 4. e3 O-O 5. a3 Bxc3+ 6. bxc3 b6 7. Ne2 Bb7 8. Ng3 d5 9. cxd5 exd5 10. Bd3 Nbd7 11. O-O Re8 12. f3 h5 13. Ra2 c5 14. Re2 Qc7 15. Bb2 Rad8 16. Qe1 g6 17. e4 dxe4 18. fxe4 Ng4 19. e5 cxd4 20. cxd4 Qc6 21. Be4 Qc7 22. Bxb7 Qxb7 23. Ne4 Qd5 24. Nd6 Re7 25. h3 Nh6 26. Qd2 Kh7 27. Bc1 Ng8 28. Ref2 Rf8 29. Qf4 f5 30. Qh4 Rg7 31. Bg5 b5 32. Nxf5 gxf5 33. Qxh5+ Nh6 34. Bxh6 Qf7 35. Qh4 Rg6 36. Bxf8+ Kg8 37. Bd6 Qd5 38. Qd8+ Kh7 39. Qxd7+ Rg7 40. Qxf5+ Kg8 41. Qc8+ Kh7 42. Qc2+ Kh6 43. Bf8 Qxd4 44. Bxg7+ Kxg7 45. Qf5 b4 46. Qg5+ Kh7 47. Kh1 1-0


[Site "https://www.chess.com"]

[Event "Titled Tuesday Blitz May 9 Early 2023"]
[White "Ter-Sahakyan, Samvel"]
[Black "Parkhov, Yair"]
[WhiteFideId "13302531"]
[BlackFideId "2813408"]
[WhiteElo "2545"]
[BlackElo "2421"]
[Result "1-0"]
[Round "05"]
[TimeControl "180+2"]
[Date "2023.05.09"]
[WhiteClock "0:00:19"]
[BlackClock "0:00:00"]

1. d4 d5 2. c4 c6 3. Nf3 Nf6 4. Qc2 g6 5. e3 Bg7 6. Be2 O-O 7. O-O Na6 8. Nc3 Bf5 9. Qb3 c5 10. cxd5 cxd4 11. Nxd4 Nc5 12. Qc4 Rc8 13. Nxf5 gxf5 14. Qf4 Nxd5 15. Qxf5 e6 16. Qg4 f5 17. Qh3 Nxc3 18. bxc3 Ne4 19. Bf3 Nxc3 20. Bb2 Ne2+ 21. Bxe2 Bxb2 22. Rab1 Qf6 23. Bd1 b6 24. Bb3 Ba3 25. Rbd1 Rcd8 26. Qg3+ Kh8 27. Qc7 Qe7 28. Qxe7 Bxe7 29. Bxe6 Kg7 30. Rxd8 Bxd8 31. g3 Kf6 32. Bb3 Be7 33. Rd1 Rd8 34. Rxd8 Bxd8 35. Kg2 Be7 36. Bc4 Ke5 37. Kf3 Bb4 38. Ke2 Kd6 39. h3 h6 40. f4 Ke7 41. g4 Kf6 42. Bd3 fxg4 43. hxg4 a5 44. a4 Ba3 45. Kf3 Bc1 46. e4 Ke6 47. Bc4+ Kd6 48. Bb5 Kc5 49. e5 Kd4 50. e6 1-0


[Site "https://www.chess.com"]

[Event "Titled Tuesday Blitz May 9 Early 2023"]
[White "Matlakov, Maxim"]
[Black "Rosen, Eric"]
[WhiteFideId "4168003"]
[BlackFideId "2032562"]
[WhiteElo "2666"]
[BlackElo "2331"]
[Result "1-0"]
[Round "05"]
[TimeControl "180+2"]
[Date "2023.05.09"]
[WhiteClock "0:00:13"]
[BlackClock "0:00:00"]

1. Nf3 d5 2. g3 Nf6 3. Bg2 e6 4. O-O Be7 5. c4 d4 6. e3 c5 7. exd4 cxd4 8. d3 Nc6 9. Re1 Nd7 10. Bf4 O-O 11. Na3 Bf6 12. Bd6 Be7 13. Nb5 Bxd6 14. Nxd6 Nc5 15. Nxc8 Rxc8 16. Ne5 Nxe5 17. Rxe5 a5 18. b3 b6 19. a3 Qd6 20. Re1 Nd7 21. Qd2 Rc7 22. b4 Ra7 23. Reb1 h6 24. h3 Rc8 25. Ra2 Kh7 26. Rab2 g6 27. c5 bxc5 28. bxa5 Kg7 29. Rb7 Rc7 30. R1b5 Qa6 31. Qb2 Qd6 32. R7b6 Qe5 33. Kh2 h5 34. h4 g5 35. hxg5 h4 36. Qd2 hxg3+ 37. fxg3 Rc8 38. Rb7 Rc7 39. Rxa7 Rxa7 40. Qf4 Kg6 41. Be4+ Kg7 42. Qh4 Kf8 43. Qh6+ Ke7 44. g6 fxg6 45. Qxg6 Kd6 46. Qg8 Qf6 47. Kg2 Qh6 48. Qd8 Qd2+ 49. Kh3 Qh6+ 50. Qh4 Qd2 51. Qf4+ Qxf4 52. gxf4 Nf6 53. Bb7 Nd5 54. Kg3 Nc3 55. Rb6+ Kc7 56. Ba6 1-0


[Site "https://www.chess.com"]

[Event "Titled Tuesday Blitz May 9 Early 2023"]
[White "Volkov, Maksim"]
[Black "Maghsoodloo, Parham"]
[WhiteFideId "54123070"]
[BlackFideId "12539929"]
[WhiteElo "2297"]
[BlackElo "2655"]
[Result "0-1"]
[Round "05"]
[TimeControl "180+2"]
[Date "2023.05.09"]
[WhiteClock "0:00:06"]
[BlackClock "0:00:36"]

1. d4 Nf6 2. c4 e6 3. g3 d5 4. Bg2 Bb4+ 5. Bd2 a5 6. Nf3 O-O 7. Qc2 Nbd7 8. O-O c6 9. Bf4 Be7 10. h4 b6 11. Nbd2 Ba6 12. Rfc1 Rc8 13. cxd5 Nxd5 14. e3 c5 15. Qd1 c4 16. Ne4 Nxf4 17. exf4 b5 18. a3 Bb7 19. Qe2 Nb6 20. Ne5 Rc7 21. Rd1 b4 22. axb4 axb4 23. Ra7 Bd5 24. Rda1 Qb8 25. Rxc7 Qxc7 26. Qe1 Rc8 27. Rc1 Qd8 28. h5 h6 29. Qe3 Na4 30. Qd2 c3 31. bxc3 bxc3 32. Qc2 Nb6 33. Nxc3 Bxg2 34. Kxg2 Ba3 35. Rb1 Nd5 36. Rb3 Bb4 37. Rxb4 Nxb4 38. Qd2 Rc7 39. Ne4 Qd5 40. f3 Rc2 0-1


[Site "https://www.chess.com"]

[Event "Titled Tuesday Blitz May 9 Early 2023"]
[White "Demchenko, Anton"]
[Black "Khumalo, Keith"]
[WhiteFideId "4160258"]
[BlackFideId "14319470"]
[WhiteElo "2545"]
[BlackElo "2056"]
[Result "0-1"]
[Round "05"]
[TimeControl "180+2"]
[Date "2023.05.09"]
[WhiteClock "0:00:02"]
[BlackClock "0:00:24"]

1. e4 c5 2. Nf3 e6 3. d4 cxd4 4. Nxd4 a6 5. Be2 Nf6 6. Nc3 Qc7 7. O-O d6 8. a4 b6 9. f4 Bb7 10. Bf3 Nbd7 11. f5 e5 12. Nb3 Be7 13. Be3 Nc5 14. Nxc5 dxc5 15. Qe2 O-O 16. g4 h6 17. h4 Nh7 18. Qh2 Rfd8 19. Qg3 Rd4 20. g5 hxg5 21. hxg5 g6 22. f6 Bxf6 23. gxf6 Nxf6 24. Bxd4 cxd4 25. Nd5 Bxd5 26. exd5 Re8 27. Rae1 Kg7 28. Re2 Qc5 29. Qf2 Qd6 30. Rfe1 Nxd5 31. Bxd5 Qxd5 32. Rf1 f5 33. Qg3 e4 34. Rh2 e3 35. Qc7+ Kf6 36. Qxb6+ Re6 37. Qb8 Re4 38. Qh8+ Ke6 39. Qg8+ Kd6 40. Qxd5+ Kxd5 41. Rg2 Re6 42. Rg3 Ke4 43. Kg2 Rc6 44. c3 d3 45. Re1 f4 46. Rxg6 Rxg6+ 0-1


[Site "https://www.chess.com"]

[Event "Titled Tuesday Blitz May 9 Early 2023"]
[White "Pranesh M"]
[Black "Korchmar, Vasiliy"]
[WhiteFideId "35028600"]
[BlackFideId "24131750"]
[WhiteElo "2437"]
[BlackElo "2370"]
[Result "1-0"]
[Round "05"]
[TimeControl "180+2"]
[Date "2023.05.09"]
[WhiteClock "0:00:56"]
[BlackClock "0:00:02"]

1. e4 c5 2. Nf3 d6 3. d4 cxd4 4. Nxd4 Nf6 5. Nc3 Nc6 6. Bg5 Bd7 7. Qd2 a6 8. O-O-O e6 9. h4 Be7 10. f3 Nxd4 11. Qxd4 b5 12. h5 h6 13. Be3 Qc7 14. g4 b4 15. Qxb4 Rb8 16. Qc4 Qb7 17. b3 O-O 18. Qxa6 Qc7 19. Qc4 Qb7 20. g5 Rfc8 21. Qd3 hxg5 22. Bxg5 Nd5 23. Bxe7 Nxc3 24. h6 Nxa2+ 25. Kb2 Nb4 26. hxg7 Rxc2+ 27. Qxc2 Nxc2 28. Bc4 Ne3 29. Bf6 Nxc4+ 30. Kc1 1-0


[Site "https://www.chess.com"]

[Event "Titled Tuesday Blitz May 9 Early 2023"]
[White "Costachi, Mihnea"]
[Black "Wieczorek, Oskar"]
[WhiteFideId "1217518"]
[BlackFideId "1133950"]
[WhiteElo "2456"]
[BlackElo "2418"]
[Result "1-0"]
[Round "05"]
[TimeControl "180+2"]
[Date "2023.05.09"]
[WhiteClock "0:01:31"]
[BlackClock "0:00:00"]

1. Nc3 c5 2. Nf3 g6 3. g3 Bg7 4. Bg2 Nc6 5. O-O e6 6. e4 Nge7 7. d3 d6 8. Be3 Nd4 9. Qd2 h5 10. Rab1 Nec6 11. Ne2 Nxf3+ 12. Bxf3 h4 13. Bg2 h3 14. Bh1 e5 15. c3 Bg4 16. f3 Be6 17. b4 cxb4 18. cxb4 a6 19. f4 Qd7 20. d4 Bc4 21. d5 Ne7 22. Bf3 b5 23. Rf2 O-O 24. fxe5 Bxe5 25. Bd4 Rac8 26. Bxe5 dxe5 27. Kh1 Rc7 28. Ng1 Nc8 29. Qh6 Nd6 30. Nxh3 f6 31. Qxg6+ Qg7 32. Qxg7+ Kxg7 33. g4 Bd3 34. Re1 Rc4 35. g5 Bxe4 36. gxf6+ Rxf6 37. Bxe4 Nxe4 38. Rxf6 Kxf6 39. a3 Rd4 40. Kg2 Nd6 41. Nf2 Rxd5 42. Ng4+ Ke6 43. h4 Nc4 44. h5 Rd3 45. h6 Rd8 46. Rf1 Rg8 47. Rf6+ Ke7 48. Kh3 Rxg4 49. h7 Rg1 50. Rf2 1-0


[Site "https://www.chess.com"]

[Event "Titled Tuesday Blitz May 9 Early 2023"]
[White "Ibarra Jerez, Jose Carlos"]
[Black "Girya, Olga"]
[WhiteFideId "2226332"]
[BlackFideId "4195752"]
[WhiteElo "2638"]
[BlackElo "2263"]
[Result "1-0"]
[Round "05"]
[TimeControl "180+2"]
[Date "2023.05.09"]
[WhiteClock "0:00:13"]
[BlackClock "0:00:00"]

1. e4 e5 2. Nf3 Nc6 3. Nc3 Nf6 4. h3 Bb4 5. Nd5 Nxd5 6. exd5 e4 7. dxc6 exf3 8. Qxf3 dxc6 9. Bc4 O-O 10. O-O Qh4 11. d3 Bd7 12. Be3 a5 13. a3 Bd6 14. Rae1 Rae8 15. Bd2 a4 16. Rxe8 Bxe8 17. Re1 Bd7 18. Re4 Qd8 19. Bc3 Qg5 20. Re1 h6 21. Bd4 Qf5 22. Qxf5 Bxf5 23. h4 h5 24. g3 Bd7 25. Kg2 Re8 26. Be3 b5 27. Ba2 c5 28. Bd5 Re5 29. Bf3 f6 30. Rd1 Bg4 31. d4 cxd4 32. Rxd4 Bxf3+ 33. Kxf3 Bc5 34. Rd8+ Kf7 35. Bf4 Re7 36. Rd5 Bb6 37. Rxb5 g6 38. Rb4 Rd7 39. Rxa4 Rd1 40. Rc4 Rf1 41. Be3 Rb1 42. b3 Ra1 43. a4 Ke6 44. Bxb6 cxb6 45. Rc6+ Ke5 46. Rxb6 1-0


[Site "https://www.chess.com"]

[Event "Titled Tuesday Blitz May 9 Early 2023"]
[White "Isanzhulov, Arystan"]
[Black "Manukyan, Sargis A."]
[WhiteFideId "13711644"]
[BlackFideId "13303970"]
[WhiteElo "2467"]
[BlackElo "2187"]
[Result "1-0"]
[Round "05"]
[TimeControl "180+2"]
[Date "2023.05.09"]
[WhiteClock "0:00:41"]
[BlackClock "0:00:03"]

1. e4 c5 2. Nf3 d6 3. d4 cxd4 4. Nxd4 Nf6 5. Nc3 g6 6. g3 Bg7 7. Bg2 O-O 8. O-O Nc6 9. Nb3 Rb8 10. a4 a6 11. a5 Be6 12. Nd5 Bg4 13. Nxf6+ Bxf6 14. Qxg4 h5 15. Qd1 Kg7 16. c3 h4 17. Be3 hxg3 18. hxg3 Rh8 19. f4 Qd7 20. e5 Nxe5 21. fxe5 Bxe5 22. Bd4 Qb5 23. Bxe5+ dxe5 24. Qd5 Qe8 25. Qxe5+ f6 26. Qe6 Rd8 27. Rae1 Rd7 28. Rxf6 Rd6 29. Qxd6 exd6 30. Rxe8 Rxe8 31. Rxd6 g5 32. Bxb7 g4 33. Kf2 Rb8 34. Nc5 Kf8 35. Rd8+ Ke7 36. Ne6 Rxb7 37. Rd2 Kxe6 38. b4 Ke5 39. Ke3 Rc7 40. Rd3 Rf7 41. Ke2 Rh7 42. Rd4 Kf5 43. Rd3 Rh2+ 44. Ke3 Ke5 45. c4 Rg2 46. Rd5+ Ke6 47. Kf4 Rb2 48. b5 Rb4 49. Rd4 axb5 50. Re4+ Kf6 51. cxb5 Rxb5 52. Ra4 Rf5+ 53. Kxg4 Rg5+ 54. Kf3 Rg7 55. a6 Ra7 56. g4 Ke5 57. Ra5+ Ke6 58. Kf4 Rf7+ 59. Rf5 Ra7 60. g5 Ra8 61. Rf6+ Ke7 62. Kf5 Rb8 63. a7 Rb5+ 64. Kg6 Ra5 65. Rf5 Ra4 66. Kg7 Ke6 67. Rf6+ Ke5 68. Rf7 Ke6 69. g6 Ra1 70. Rf6+ Ke5 71. Rf7 Ke6 72. Kf8 Rc1 73. a8=Q Kd6 74. g7 Ke6 75. g8=Q Kd6 76. Rd7+ Ke5 77. Qe4+ Kxe4 78. Qh8 Rc8+ 79. Kg7 Rc5 80. Qh4+ Ke3 81. Qd4+ Kf3 82. Rf7+ Kg3 83. Rf3+ Kh2 84. Rh3+ Kg2 85. Rg3+ Kh2 86. Qg1# 1-0


[Site "https://www.chess.com"]

[Event "Titled Tuesday Blitz May 9 Early 2023"]
[White "Tasev, Dejan"]
[Black "demon64fields"]
[WhiteFideId "936618"]
[WhiteElo "2244"]
[BlackElo "2893"]
[Result "0-1"]
[Round "05"]
[TimeControl "180+2"]
[Date "2023.05.09"]
[WhiteClock "0:00:04"]
[BlackClock "0:00:10"]

1. e4 e6 2. d4 d5 3. Nc3 Bb4 4. exd5 exd5 5. Bd3 Ne7 6. Qf3 Nbc6 7. Ne2 Be6 8. h3 Qd7 9. Be3 O-O-O 10. a3 Bxc3+ 11. bxc3 Bf5 12. Ng3 Bxd3 13. cxd3 h6 14. O-O f5 15. Rab1 g5 16. Bd2 f4 17. Ne2 h5 18. h4 gxh4 19. Nxf4 Rdf8 20. Qh3 Qg4 21. f3 Qxh3 22. Nxh3 Nf5 23. Ng5 Rhg8 24. Rfe1 b6 25. Re6 Kd7 26. Rbe1 Rg7 27. f4 a5 28. a4 Re7 29. Rxe7+ Ncxe7 30. Kf2 c6 31. Kf3 b5 32. Ne6 Rg8 33. Nc5+ Kc7 34. axb5 cxb5 35. Kf2 a4 36. c4 bxc4 37. dxc4 dxc4 38. Nxa4 Ra8 39. Nc3 Kd7 40. d5 Rb8 41. Ne4 Rb2 42. Kf1 Nxd5 43. Bc1 Rc2 44. Nc5+ Kc6 45. Ne6 Ng3+ 46. Kg1 Rxc1 47. Nd4+ Kc5 48. Rxc1 Kxd4 49. Rd1+ Ke4 50. Kf2 Nxf4 51. Rd8 Nf5 52. Re8+ Kd5 53. Kf3 Nd3 54. Rc8 Nd6 55. Ra8 c3 56. Ke3 Nb4 57. Ke2 Nc4 58. Rd8+ Kc5 59. Rc8+ Kb5 60. Kd1 c2+ 61. Kc1 Nd3+ 62. Kxc2 Ne1+ 63. Kc3 Ne3 64. Rb8+ Kc6 65. Rc8+ Kd7 66. Rh8 Nd5+ 67. Kd4 Nf6 68. Ke5 Ke7 69. Kf5 Nxg2 70. Ra8 Nd5 71. Ra7+ Kd6 72. Rh7 Ndf4 73. Rh6+ Kd5 74. Rh8 h3 75. Rd8+ Kc4 76. Ra8 Kd3 77. Ra1 Ke2 78. Ke4 Kf2 79. Ra2+ Ne2 80. Kd3 Nf4+ 81. Ke4 h2 0-1


[Site "https://www.chess.com"]

[Event "Titled Tuesday Blitz May 9 Early 2023"]
[White "Ambartsumova, Karina"]
[Black "Zhigalko, Sergei"]
[WhiteFideId "4166299"]
[BlackFideId "13502956"]
[WhiteElo "2240"]
[BlackElo "2626"]
[Result "0-1"]
[Round "05"]
[TimeControl "180+2"]
[Date "2023.05.09"]
[WhiteClock "0:00:00"]
[BlackClock "0:00:02"]

1. d4 Nf6 2. Nf3 e6 3. c4 b6 4. g3 Ba6 5. Qc2 Bb4+ 6. Bd2 Be7 7. Bg2 O-O 8. O-O c6 9. Bf4 d5 10. Nbd2 Nbd7 11. Ne5 Rc8 12. Rfe1 Nxe5 13. Bxe5 Bb4 14. cxd5 cxd5 15. Qd1 Ne4 16. Bxe4 dxe4 17. a3 Bxd2 18. Qxd2 Qd5 19. Bf4 Rfd8 20. Red1 h6 21. Be3 Qh5 22. Re1 e5 23. d5 f5 24. d6 Qg6 25. Qd5+ Kh7 26. d7 Rc7 27. Qxe5 Rcxd7 28. Rac1 Qg4 29. Rc7 Rd1 30. Rc1 Rxc1 31. Rxc1 Bxe2 32. Qf4 Qg6 33. h4 Bf3 34. Kh2 Rd7 35. Re1 Qe6 36. Bd2 Qd6 37. Bc3 Qxf4 38. gxf4 Rd3 39. Rc1 Bg4 40. Kg2 Bf3+ 41. Kh2 Bg4 42. Kg2 Bh3+ 43. Kh2 g5 44. fxg5 hxg5 45. hxg5 f4 46. Be5 e3 47. Bxf4 exf2 48. Rc7+ Kg8 49. Bg3 f1=Q 50. Rc8+ Kf7 0-1


[Site "https://www.chess.com"]

[Event "Titled Tuesday Blitz May 9 Early 2023"]
[White "Livaic, Leon"]
[Black "cryptoguru02"]
[WhiteFideId "14531534"]
[WhiteElo "2522"]
[BlackElo "2616"]
[Result "1-0"]
[Round "05"]
[TimeControl "180+2"]
[Date "2023.05.09"]
[WhiteClock "0:00:02"]
[BlackClock "0:00:00"]

1. d4 d5 2. c4 c6 3. cxd5 cxd5 4. Bf4 Nc6 5. e3 Qb6 6. Nc3 Nf6 7. a3 Bg4 8. Qc2 e6 9. Bd3 Bh5 10. Nge2 Bg6 11. O-O Be7 12. Na4 Qd8 13. b4 Bxd3 14. Qxd3 O-O 15. Rfc1 Ne4 16. Nec3 Nd6 17. Bxd6 Bxd6 18. Nc5 Qe7 19. Nb5 b6 20. Nxd6 Qxd6 21. Na4 Rfc8 22. Rc2 Qd7 23. Nc3 Nd8 24. Rac1 Rc4 25. Nb1 Rxc2 26. Qxc2 Kf8 27. Qxh7 Rc8 28. Nc3 Qa4 29. Qh8+ Ke7 30. Qh4+ Kd7 31. f3 Qxa3 32. Qe1 Qxb4 33. h4 Nb7 34. e4 Qxd4+ 35. Kh1 Nd6 36. exd5 e5 37. Ne4 Rxc1 38. Qxc1 Qxd5 39. Ng3 g6 40. h5 gxh5 41. Nxh5 Qd4 42. Nf6+ Ke6 43. Ng4 f5 44. Qh6+ Kd5 45. Nf6+ Kc4 46. Qc1+ Kb5 47. Qb1+ Kc6 48. Qc2+ Qc4 49. Qf2 f4 50. Ng4 Qd5 51. Qc2+ Nc4 52. Nf6 Qe6 53. Ne4 b5 54. Qc3 a6 55. Qd3 Qd5 56. Qc3 Qd4 57. Qb4 Qa1+ 58. Kh2 Qd4 59. Qe7 Ne3 60. Qe8+ Kc7 61. Qe7+ Kc6 62. Qe8+ Kb7 63. Qf7+ Kb6 64. Qe6+ Ka5 65. Qa2+ Kb6 66. Qe6+ Ka5 67. Nd6 Nf1+ 68. Kh3 Qg1 69. Qa2+ Kb4 70. Qb2+ Kc5 71. Qxe5+ Kc6 72. Ne4 Qh2+ 73. Kg4 Ne3+ 74. Kg5 Qxg2+ 75. Kf6 Nd5+ 76. Kf7 Qxf3 77. Qd6+ Kb7 78. Qxd5+ Kb6 79. Qc5+ Ka5 80. Qc7+ Kb4 81. Qd6+ Ka5 82. Qd2+ Kb6 83. Qd4+ Ka5 84. Nd6 Qb3+ 85. Ke7 Qb4 86. Qa1+ Kb6 87. Qg1+ Qc5 88. Qg8 1-0


[Site "https://www.chess.com"]

[Event "Titled Tuesday Blitz May 9 Early 2023"]
[White "Veiga, Jose Francisco R P Neves"]
[Black "Bacrot, Etienne"]
[WhiteFideId "1930087"]
[BlackFideId "605506"]
[WhiteElo "2320"]
[BlackElo "2672"]
[Result "1-0"]
[Round "05"]
[TimeControl "180+2"]
[Date "2023.05.09"]
[WhiteClock "0:00:38"]
[BlackClock "0:00:02"]

1. e4 c5 2. Nf3 d6 3. Bb5+ Bd7 4. Bxd7+ Qxd7 5. O-O Nf6 6. d3 Nc6 7. c4 g6 8. Nc3 Bg7 9. h3 O-O 10. Re1 Ne8 11. Be3 Rc8 12. Rc1 e5 13. Nd5 Nc7 14. Qa4 f5 15. b4 fxe4 16. dxe4 Ne6 17. bxc5 dxc5 18. Red1 Ned4 19. Bxd4 exd4 20. Ne1 Rce8 21. Nd3 Qd6 22. Re1 b6 23. f4 Kh8 24. e5 Qe6 25. Rf1 Rf7 26. Rce1 Ref8 27. Nf2 Nd8 28. Ne4 h6 29. Nd6 Rd7 30. f5 gxf5 31. Nf4 Qg8 32. Qxd7 1-0


[Site "https://www.chess.com"]